 Dungeon Crawl Stone Soup version 0.27-a0-789-g6bb3289e1e (webtiles) character file.

Game seed: 14686886260049033432

136 dolemite99 the Ruffian (level 4, -1/34 (40) HPs)
             Began as a Troll Chaos Knight on Mar 27, 2021.
             Was an Initiate of Hepliaklqana.
             Killed by nerve-wracking pain
             ... invoked by a shadow imp
             ... summoned by Xom
              (14 damage)
             ... on level 2 of the Dungeon.
             The game lasted 00:01:59 (1993 turns).

dolemite99 the Ruffian (Troll Chaos Knight)         Turns: 1993, Time: 00:02:00

HP:   -1/34 (40)    AC:  6    Str: 20      XL:     4   Next: 98%
MP:   3/3           EV: 10    Int:  5 (9)  God:    Hepliaklqana [......]
Gold: 43            SH:  0    Dex:  9      Spells: 3/3 levels left

rFire    . . .     SeeInvis .     - Unarmed
rCold    . . .     Faith    .   (no shield)
rNeg     . . .     Spirit   .   a - +2 robe
rPois    .         Reflect  .   (helmet restricted)
rElec    .         Harm     .   (no cloak)
rCorr    .         Rampage  .   (gloves unavailable)
Will     .....                  (boots unavailable)
Stlth    +.........             (no amulet)
HPRegen  1.11/turn              (no ring)
MPRegen  0.08/turn              (no ring)

@: heavily drained
A: reduced essence, large, unfitting armour, claws 3, regeneration 1, shaggy fur
1, tough skin 1
a: Renounce Religion, Recall Ancestor, Ancestor Identity


You were on level 2 of the Dungeon.
You worshipped Hepliaklqana.
Hepliaklqana was noncommittal.
You visited 1 branch of the dungeon, and saw 2 of its levels.

You collected 43 gold pieces.

Inventory:

Missiles
 b - 36 stones (quivered)
 h - 23 arrows
 l - 39 bolts
Armour
 a - a +2 robe (worn)
Scrolls
 d - a scroll of magic mapping {unknown}
 f - 2 scrolls of noise {unknown}
 g - 2 scrolls of torment {unknown}
 i - a scroll of identify {unknown}
Potions
 c - a potion of flight {unknown}
 e - a potion of mutation {unknown}
 j - a potion of lignification {unknown}
 k - 2 potions of attraction {unknown}
 m - a potion of magic {unknown}
 n - a potion of degeneration {unknown}
 o - 4 potions of curing {unknown}
 p - a potion of brilliance {unknown}


   Skills:
 + Level 3.1 Fighting
 + Level 2.7 Dodging
 * Level 4.5 Unarmed Combat


You had 3 spell levels left.
You didn't know any spells.
Your spell library contained the following spells:

 Spells                   Type           Power      Damage    Failure   Level
 Animate Skeleton         Necr           0%         N/A       47%         1
 Apportation              Tloc           0%         N/A       47%         1
 Corona                   Hex            0%         N/A       47%         1
 Summon Small Mammal      Summ           0%         N/A       47%         1


Dungeon Overview and Level Annotations

Branches:
Dungeon (2/15)

Altars:
Hepliaklqana
Okawaru
Trog
Xom

Shops:
D:1 [


Innate Abilities, Weirdness & Mutations

Your life essence is reduced to manifest your ancestor. (-10% HP)
You are too large for most types of armour.
You have claws for hands.
Your natural rate of healing is unusually fast.
You are covered in fur. (AC +1)
You have tough skin. (AC +1)


Message History

The white imp completely misses you. The shadow imp hits you.
The shadow imp hits you but does no damage.
The white imp barely misses you. The ufetubus barely misses you. x2
The ufetubus hits Belessunu. x2; The iron imp closely misses Belessunu.
The quasit bites you but does no damage.
The quasit claws you but does no damage. x2
The shadow imp hits you.
Belessunu hits the ufetubus.
You scratch the quasit.
The quasit is heavily wounded.
The ufetubus barely misses Belessunu. x2; The ufetubus hits you.
The ufetubus barely misses you.
The white imp hits you but does no damage.
The white imp hits you. The white imp freezes you. The shadow imp misses you.
The shadow imp hits you but does no damage.
The quasit bites you.
The quasit claws you but does no damage. x2
The iron imp hits Belessunu.
The ufetubus hits Belessunu.
The ufetubus hits Belessunu but does no damage.
The ufetubus hits you but does no damage.
The ufetubus misses you.
You are too injured to fight recklessly!
You are too injured to fight recklessly!
You are too injured to fight recklessly!
You claw the ufetubus!
You kill the ufetubus!
Belessunu hits the ufetubus.
The ufetubus dies!
The quasit barely misses you.
The quasit claws you but does no damage.
The quasit barely misses you. The shadow imp hits you. x2
The shadow imp hits you but does no damage.
The white imp hits you but does no damage.
The white imp hits you. The white imp freezes you.
The iron imp hits Belessunu.
Belessunu hits the iron imp but does no damage.
The shadow imp hits Belessunu.
Belessunu is destroyed!
The shadow imp gestures at you. Pain shoots through your body!
You die... "I guess I need a new plaything now."

##.............#......)..# #..
##............#.........######.#
#.......######.)............#..
#.......#..............####.#..
#####...#......#.#.##### #.#..
###.#......#.#.### #.#..
#.#...5..#.....# #.###
#.#...5.5#.....# #....
#....555@......#### ###..
###...555#........# #..
#...555#......#.# #..
#......#.....##.#####..
#).....#..............#
#......#......#.#######
##...###........# #...#
#####...######## #######...##
#...........


You could see 3 iron imps, 2 quasits, 2 white imps, 3 shadow imps and 2 ufetubi.

Vanquished Creatures
  Terence (D:2)
  3 adders (D:2)
  4 gnolls (D:2)
  A dart slug (D:1)
  An orc (D:2)
  An endoplasm (D:1)
  A goblin (D:2)
  2 hobgoblins
  9 jackals
  3 quokkas (D:1)
  5 ball pythons
  4 bats
  3 frilled lizards
  2 kobolds (D:1)
  4 rats
44 creatures vanquished.

Vanquished Creatures (collateral kills)
  A jackal (D:2)
1 creature vanquished.

Vanquished Creatures (others)
  An ancestor (D:2)
1 creature vanquished.

Grand Total: 46 creatures vanquished

Notes
Turn   | Place    | Note
-------+----------+-------------------------------------------
     0 | D:1      | dolemite99 the Troll Chaos Knight began the quest for the
                  | Orb.
     0 | D:1      | Reached XP level 1. HP: 22/22 MP: 0/0
    35 | D:1      | Found Toskokk's Antique Armour Shoppe.
   153 | D:1      | Reached XP level 2. HP: 29/29 MP: 1/1
   333 | D:1      | Found a shimmering altar of Xom.
   515 | D:1      | XOM is BORED!
   515 | D:1      | XOM: silly message
   666 | D:1      | XOM: draining
   832 | D:1      | XOM: silly message
   874 | D:2      | Reached XP level 3. HP: 31/33 MP: 2/2
   904 | D:2      | Noticed Terence
   914 | D:2      | Killed Terence
   915 | D:2      | Reached skill level 4 in Unarmed Combat
   915 | D:2      | Reached XP level 4. HP: 27/44 MP: 3/3
  1354 | D:2      | Found a hazy altar of Hepliaklqana.
  1359 | D:2      | Fell from the grace of Xom
  1359 | D:2      | Became a worshipper of Hepliaklqana the Forgotten
  1526 | D:2      | Found an iron altar of Okawaru.
  1561 | D:2      | XOM: stat loss: -2 Int (7/9)
  1727 | D:2      | XOM: torment (21/40 hp)
  1747 | D:2      | XOM: draining
  1783 | D:2      | XOM: stat loss: -2 Int (5/9)
  1821 | D:2      | Found a bloodstained altar of Trog.
  1987 | D:2      | XOM: summons 14 hostile demons
  1993 | D:2      | Killed from afar by a shadow imp

Illustrated notes

Levels and vault maps discovered:
D:1:      dpeg_arrival_lava_temple_mockup, layout_basic, serial_shops,
          nicolae_shop_crystal, xom_teletrap_fun
D:2:      layout_basic, lemuel_crystal_altar, lemuel_round_altar,
          lemuel_doored_altar, trog_butcher_becter, uniq_terence

Skill      XL: |  1  2  3  4 |
---------------+-------------+-----
Dodging        | 2 |  2.7
Unarmed Combat | 4 |  4.5
Fighting       | 3 |  3.1

Action                   |  1- 3 |  4- 6 || total
-------------------------+-------+-------++-------
Melee: Unarmed           |    60 |    66 ||   126
       Punch             |     1 |       ||     1
Throw: Stone             |    28 |    10 ||    38
Armor: Robe              |    20 |    35 ||    55
Dodge: Dodged            |    29 |    32 ||    61

Table legend: (Time is in decaauts)
 A = Elapsed time spent in this place.
 B = Non-inter-level travel time spent in this place.
 C = Inter-level travel time spent in this place.
 D = Time resting spent in this place.
 E = Time spent auto-exploring this place.
 F = Levels seen in this place.
 G = Mean time per level.
                   A        B        C        D        E       F      G
               +--------+--------+--------+--------+--------+-----+--------+
         Total |   1988 |   1916 |     72 |    382 |   1138 |   2 |  994.0 |
       Dungeon |   1988 |   1916 |     72 |    382 |   1138 |   2 |  994.0 |
               +--------+--------+--------+--------+--------+-----+--------+

Top non-repeatable levels by time:
     D:2: 1137 daAuts
     D:1: 850 daAuts
